[ AOE2 MATCH · #458112672 ]
UnrankedInca vs Saracens
Player's team · WIN
[ REPLAY ANALYSIS · EXTRACTED FROM THE RECORDED GAME ]
Feudal
12:47
Castle
25:02
Imperial
40:03
| APM avg | 13.7 |
| APM peak | 35 |
| eAPM avg | 7.1 |
| Villagers / military | 53 / 71 |
Focus
⚔️ 41.5% · 🌾 58.5%
Unknown (2550) ×61 · Kamayuk ×51 · Petard ×10 · Battering Ram ×8 · Monk ×1 · Trebuchet (Packed) ×1
Feudal
35:46
Castle
53:35
Imperial
—
| APM avg | 6.4 |
| APM peak | 25 |
| eAPM avg | 3.3 |
| Villagers / military | 43 / 57 |
Focus
⚔️ 39.5% · 🌾 60.5%
Archer ×31 · Militia ×21 · Knight ×5
Feudal
14:15
Castle
34:25
Imperial
—
| APM avg | 8.3 |
| APM peak | 27 |
| eAPM avg | 5.7 |
| Villagers / military | 78 / 69 |
Focus
⚔️ 32.5% · 🌾 67.5%
Spearman ×30 · Camel Scout ×27 · Cavalry Archer ×5 · Militia ×4 · Archer ×2 · Scout Cavalry ×1
Match map
Initial resources + every placement click. Lines = walls · curves = elevation contours. ◆ gold · ⬟ stone · ● berries · ✦ relic · ◌ wall gap
Your base· Open — unwalled flank
Matxiin's base· Open — 4t gap
david.sant94's base· Open — unwalled flank
Smoothed initial terrain · ◌ = detected wall gap · hover for details
Inputs per minute
— Gin - - Matxiin
Build order — Gin
First 150 of 249 actions detected
| 0:05 | Build | House |
| 0:06 | Create | Villager (Male) |
| 0:06 | Create | Villager (Male) |
| 0:07 | Create | Villager (Male) |
| 0:07 | Create | Villager (Male) |
| 0:12 | Build | House |
| 2:30 | Build | Settlement |
| 2:32 | Create | Villager (Male) |
| 2:33 | Create | Villager (Male) |
| 3:23 | Create | Villager (Male) |
| 3:55 | Create | Villager (Male) |
| 4:09 | Create | Villager (Male) |
| 4:39 | Create | Villager (Male) |
| 4:55 | Build | Settlement |
| 5:05 | Create | Villager (Male) |
| 5:56 | Create | Villager (Male) |
| 5:56 | Create | Villager (Male) |
| 7:03 | Build | Settlement |
| 7:23 | Create | Villager (Male) |
| 7:23 | Create | Villager (Male) |
| 7:31 | Create | Villager (Male) |
| 8:14 | Create | Villager (Male) |
| 9:18 | Create | Villager (Male) |
| 9:18 | Create | Villager (Male) |
| 9:41 | Research | Loom |
| 10:37 | Research | Feudal Age |
| 11:38 | Build | Barracks |
| 11:54 | Build | Settlement |
| 12:47 | Age | Feudal Age |
| 12:51 | Research | Double-Bit Axe |
| 12:54 | Research | Horse Collar |
| 12:56 | Research | Gold Mining |
| 13:02 | Research | Tech 1402 |
| 13:35 | Create | Unit 2550 |
| 13:41 | Create | Villager (Male) |
| 13:41 | Create | Villager (Male) |
| 13:46 | Create | Villager (Male) |
| 14:10 | Create | Unit 2550 |
| 14:39 | Create | Unit 2550 |
| 14:58 | Build | Farm |
| 15:02 | Build | Farm |
| 15:03 | Build | Farm |
| 15:03 | Build | Farm |
| 15:04 | Build | Farm |
| 15:05 | Build | Farm |
| 15:14 | Build | Barracks |
| 15:17 | Build | Archery Range |
| 15:26 | Build | Blacksmith |
| 15:32 | Create | Villager (Male) |
| 15:33 | Create | Villager (Male) |
| 15:53 | Create | Unit 2550 |
| 16:09 | Create | Unit 2550 |
| 16:10 | Create | Unit 2550 |
| 16:13 | Create | Unit 2550 |
| 16:24 | Build | Farm |
| 16:35 | Build | Farm |
| 17:02 | Create | Unit 2550 |
| 17:02 | Create | Unit 2550 |
| 17:05 | Create | Unit 2550 |
| 17:05 | Create | Unit 2550 |
| 17:21 | Build | Farm |
| 17:21 | Build | Farm |
| 17:22 | Build | Farm |
| 17:24 | Build | Farm |
| 17:31 | Research | Forging |
| 17:47 | Create | Villager (Male) |
| 17:47 | Create | Villager (Male) |
| 18:13 | Build | Market |
| 18:25 | Build | Farm |
| 18:48 | Research | Scale Mail Armor |
| 20:54 | Build | Farm |
| 20:59 | Build | Farm |
| 22:22 | Research | Castle Age |
| 22:23 | Research | Wheelbarrow |
| 22:54 | Create | Unit 2550 ×5 |
| 23:04 | Research | Fletching |
| 23:41 | Research | Arson |
| 23:51 | Research | Arson |
| 25:02 | Age | Castle Age |
| 25:06 | Research | Iron Casting |
| 25:09 | Research | Tech 1351 |
| 26:18 | Research | Chain Mail Armor |
| 26:22 | Create | Villager (Male) |
| 26:22 | Create | Villager (Male) |
| 26:22 | Create | Villager (Male) |
| 28:44 | Research | Hand Cart |
| 28:54 | Build | Town Center |
| 30:52 | Research | Bodkin Arrow |
| 32:53 | Build | Castle |
| 34:16 | Create | Petard |
| 34:17 | Create | Petard |
| 34:17 | Create | Petard |
| 34:17 | Create | Petard |
| 34:17 | Create | Petard |
| 34:18 | Create | Petard |
| 34:22 | Create | Petard |
| 34:22 | Create | Petard |
| 34:22 | Create | Petard |
| 34:22 | Create | Petard |
| 36:12 | Research | Andean Sling |
| 36:25 | Build | Siege Workshop |
| 36:29 | Create | Kamayuk |
| 36:29 | Create | Kamayuk |
| 36:30 | Create | Kamayuk |
| 36:30 | Create | Kamayuk |
| 36:31 | Create | Kamayuk |
| 36:50 | Create | Villager (Male) |
| 36:50 | Create | Villager (Male) |
| 36:51 | Create | Villager (Male) |
| 36:51 | Create | Villager (Male) |
| 36:53 | Research | Imperial Age |
| 37:07 | Build | Settlement |
| 37:30 | Create | Battering Ram |
| 37:31 | Create | Battering Ram |
| 37:47 | Research | Heavy Plow |
| 37:49 | Research | Stone Mining |
| 37:51 | Research | Bow Saw |
| 37:53 | Research | Gold Shaft Mining |
| 37:59 | Create | Kamayuk |
| 37:59 | Create | Kamayuk |
| 38:00 | Create | Kamayuk |
| 38:00 | Create | Kamayuk |
| 38:00 | Create | Kamayuk |
| 38:38 | Create | Battering Ram |
| 38:41 | Create | Kamayuk |
| 38:41 | Create | Kamayuk |
| 39:32 | Create | Battering Ram |
| 39:37 | Research | Padded Archer Armor |
| 39:45 | Research | Squires |
| 40:03 | Age | Imperial Age |
| 40:17 | Build | Castle |
| 41:55 | Research | Bracer |
| 41:59 | Research | Blast Furnace |
| 42:07 | Research | Capped Ram (upgrade) |
| 42:11 | Research | Crop Rotation |
| 42:17 | Research | Hoardings |
| 43:11 | Build | Settlement |
| 43:38 | Research | Plate Mail Armor |
| 44:05 | Research | Conscription |
| 44:22 | Build | Town Center |
| 44:28 | Research | Bracer |
| 44:46 | Create | Villager (Male) |
| 44:46 | Create | Villager (Male) |
| 44:46 | Create | Villager (Male) |
| 44:47 | Create | Villager (Male) |
| 44:47 | Create | Villager (Male) |
| 45:16 | Create | Villager (Male) |
| 45:16 | Create | Villager (Male) |
| 45:17 | Create | Villager (Male) |
| 45:17 | Create | Villager (Male) |
Build order — Matxiin
First 150 of 166 actions detected
| 1:56 | Create | Villager (Male) |
| 2:00 | Create | Villager (Male) |
| 2:04 | Create | Villager (Male) |
| 2:18 | Build | Mill |
| 2:39 | Build | House |
| 2:49 | Build | House |
| 5:17 | Create | Villager (Male) |
| 5:18 | Create | Villager (Male) |
| 5:19 | Create | Villager (Male) |
| 5:51 | Build | Lumber Camp |
| 7:06 | Create | Villager (Male) |
| 7:07 | Create | Villager (Male) |
| 9:14 | Create | Villager (Male) |
| 9:16 | Create | Villager (Male) |
| 9:16 | Create | Villager (Male) |
| 10:48 | Build | House |
| 12:28 | Create | Villager (Male) |
| 12:28 | Create | Villager (Male) |
| 12:28 | Create | Villager (Male) |
| 13:20 | Build | Mining Camp |
| 14:55 | Create | Villager (Male) |
| 14:55 | Create | Villager (Male) |
| 14:56 | Create | Villager (Male) |
| 16:12 | Build | House |
| 16:13 | Build | House |
| 16:15 | Build | House |
| 22:22 | Build | Barracks |
| 22:43 | Research | Loom |
| 23:05 | Build | Farm |
| 23:12 | Build | Farm |
| 23:21 | Build | Farm |
| 23:28 | Build | Farm |
| 23:37 | Build | Farm |
| 23:44 | Build | Farm |
| 23:50 | Build | Farm |
| 23:57 | Build | Farm |
| 25:06 | Create | Militia |
| 25:06 | Create | Militia |
| 25:07 | Create | Militia |
| 25:07 | Create | Militia |
| 25:09 | Create | Militia |
| 25:10 | Create | Militia |
| 26:49 | Create | Militia |
| 26:56 | Create | Militia |
| 29:01 | Build | Mill |
| 31:20 | Build | Lumber Camp |
| 33:36 | Research | Feudal Age |
| 35:45 | Build | Mining Camp |
| 35:46 | Age | Feudal Age |
| 35:57 | Research | Man-at-Arms (upgrade) |
| 36:31 | Create | Villager (Male) |
| 36:34 | Create | Villager (Male) |
| 36:58 | Create | Militia |
| 36:58 | Create | Militia |
| 37:00 | Create | Militia |
| 37:12 | Build | Farm |
| 38:01 | Build | Farm |
| 38:37 | Create | Villager (Male) |
| 38:38 | Create | Villager (Male) |
| 39:55 | Build | Archery Range |
| 40:07 | Create | Villager (Male) |
| 40:07 | Create | Villager (Male) |
| 40:20 | Build | Mining Camp |
| 41:12 | Create | Archer |
| 41:12 | Create | Archer |
| 41:12 | Create | Archer |
| 41:12 | Create | Archer |
| 41:13 | Create | Archer |
| 41:13 | Create | Archer |
| 41:13 | Create | Archer |
| 41:13 | Create | Archer |
| 41:14 | Create | Archer |
| 41:14 | Create | Archer |
| 41:15 | Create | Archer |
| 41:15 | Create | Archer |
| 41:30 | Build | Farm |
| 41:39 | Build | Farm |
| 42:02 | Build | Farm |
| 42:25 | Create | Villager (Male) |
| 42:25 | Create | Villager (Male) |
| 42:26 | Create | Villager (Male) |
| 42:27 | Create | Villager (Male) |
| 42:28 | Create | Villager (Male) |
| 45:05 | Create | Militia |
| 45:06 | Create | Militia |
| 45:06 | Create | Militia |
| 45:08 | Create | Militia |
| 45:09 | Create | Militia |
| 45:21 | Create | Villager (Male) |
| 45:21 | Create | Villager (Male) |
| 46:19 | Build | Mining Camp |
| 46:39 | Build | House |
| 46:41 | Build | House |
| 46:43 | Build | House |
| 46:44 | Build | House |
| 46:45 | Build | House |
| 48:01 | Research | Wheelbarrow |
| 49:12 | Build | Lumber Camp |
| 50:03 | Build | Blacksmith |
| 50:55 | Research | Castle Age |
| 52:09 | Research | Forging |
| 52:26 | Create | Archer |
| 52:26 | Create | Archer |
| 52:27 | Create | Archer |
| 52:44 | Research | Double-Bit Axe |
| 53:35 | Age | Castle Age |
| 53:53 | Create | Villager (Male) |
| 53:54 | Create | Villager (Male) |
| 53:54 | Create | Villager (Male) |
| 53:55 | Create | Villager (Male) |
| 53:56 | Create | Villager (Male) |
| 53:58 | Create | Villager (Male) |
| 53:59 | Create | Villager (Male) |
| 54:00 | Create | Villager (Male) |
| 54:02 | Create | Villager (Male) |
| 54:03 | Create | Villager (Male) |
| 55:21 | Create | Archer |
| 55:22 | Create | Archer |
| 55:23 | Create | Archer |
| 55:23 | Create | Archer |
| 55:24 | Create | Archer |
| 55:35 | Create | Militia |
| 55:36 | Create | Militia |
| 55:37 | Create | Militia |
| 55:37 | Create | Militia |
| 55:38 | Create | Militia |
| 57:55 | Build | House |
| 58:08 | Build | House |
| 58:09 | Build | House |
| 58:11 | Build | House |
| 58:13 | Build | House |
| 59:20 | Build | Stable |
| 59:38 | Research | Long Swordsman (upgrade) |
| 59:43 | Research | Crossbowman (upgrade) |
| 60:39 | Build | Castle |
| 61:32 | Build | Castle |
| 63:34 | Build | Town Center |
| 64:40 | Build | Archery Range |
| 65:27 | Create | Archer |
| 65:27 | Create | Archer |
| 65:28 | Create | Archer |
| 65:28 | Create | Archer |
| 65:28 | Create | Archer |
| 65:29 | Create | Archer |
| 65:29 | Create | Archer |
| 65:29 | Create | Archer |
| 65:30 | Create | Archer |
| 65:31 | Create | Archer |
| 65:31 | Create | Archer |
| 65:42 | Build | House |
Build order — david.sant94
First 150 of 245 actions detected
| 0:34 | Build | House |
| 0:39 | Create | Villager (Male) |
| 0:39 | Create | Villager (Male) |
| 0:39 | Create | Villager (Male) |
| 0:39 | Create | Villager (Male) |
| 0:56 | Build | House |
| 0:58 | Build | House |
| 2:14 | Build | Lumber Camp |
| 3:33 | Create | Villager (Male) |
| 3:34 | Create | Villager (Male) |
| 3:34 | Create | Villager (Male) |
| 3:34 | Create | Villager (Male) |
| 3:34 | Create | Villager (Male) |
| 5:38 | Build | Mill |
| 6:39 | Create | Villager (Male) |
| 6:40 | Create | Villager (Male) |
| 6:40 | Create | Villager (Male) |
| 8:37 | Create | Villager (Male) |
| 8:37 | Create | Villager (Male) |
| 8:38 | Create | Villager (Male) |
| 8:38 | Create | Villager (Male) |
| 8:38 | Create | Villager (Male) |
| 10:49 | Build | House |
| 10:50 | Build | House |
| 10:51 | Build | House |
| 12:05 | Research | Feudal Age |
| 12:34 | Build | Barracks |
| 12:45 | Create | Villager (Male) |
| 12:45 | Create | Villager (Male) |
| 14:03 | Build | Mining Camp |
| 14:15 | Age | Feudal Age |
| 14:48 | Research | Horse Collar |
| 14:56 | Create | Villager (Male) |
| 14:56 | Create | Villager (Male) |
| 14:57 | Create | Villager (Male) |
| 14:57 | Create | Villager (Male) |
| 14:58 | Create | Villager (Male) |
| 15:15 | Build | Farm |
| 15:15 | Build | Farm |
| 15:15 | Build | Farm |
| 15:16 | Build | Farm |
| 15:16 | Build | Farm |
| 15:16 | Build | Farm |
| 15:19 | Build | Farm |
| 15:19 | Build | Farm |
| 16:00 | Build | Farm |
| 16:01 | Build | Farm |
| 16:02 | Build | Farm |
| 16:03 | Build | Farm |
| 16:40 | Build | Mining Camp |
| 17:22 | Build | Stable |
| 18:06 | Build | Blacksmith |
| 19:42 | Create | Spearman |
| 19:42 | Create | Spearman |
| 19:42 | Create | Spearman |
| 19:42 | Create | Spearman |
| 19:43 | Create | Spearman |
| 19:43 | Create | Spearman |
| 19:43 | Create | Spearman |
| 19:43 | Create | Spearman |
| 20:23 | Create | Villager (Male) |
| 20:23 | Create | Villager (Male) |
| 20:23 | Create | Villager (Male) |
| 20:23 | Create | Villager (Male) |
| 20:24 | Create | Villager (Male) |
| 20:24 | Create | Villager (Male) |
| 20:24 | Create | Villager (Male) |
| 20:24 | Create | Villager (Male) |
| 20:25 | Create | Villager (Male) |
| 20:26 | Create | Villager (Male) |
| 20:28 | Create | Villager (Male) |
| 20:44 | Build | Lumber Camp |
| 21:01 | Build | Watch Tower |
| 22:15 | Create | Spearman |
| 22:15 | Create | Spearman |
| 22:15 | Create | Spearman |
| 22:16 | Create | Spearman |
| 22:16 | Create | Spearman |
| 22:16 | Create | Spearman |
| 22:17 | Create | Spearman |
| 23:22 | Create | Villager (Male) |
| 23:22 | Create | Villager (Male) |
| 23:22 | Create | Villager (Male) |
| 23:23 | Create | Villager (Male) |
| 23:23 | Create | Villager (Male) |
| 23:23 | Create | Villager (Male) |
| 23:23 | Create | Villager (Male) |
| 23:38 | Build | Lumber Camp |
| 24:06 | Build | Watch Tower |
| 25:42 | Create | Spearman |
| 25:42 | Create | Spearman |
| 25:43 | Create | Spearman |
| 25:43 | Create | Spearman |
| 25:43 | Create | Spearman |
| 25:44 | Create | Spearman |
| 25:44 | Create | Spearman |
| 25:44 | Create | Spearman |
| 25:45 | Create | Spearman |
| 25:45 | Create | Spearman |
| 25:45 | Create | Spearman |
| 26:20 | Research | Forging |
| 26:46 | Build | House |
| 26:47 | Build | House |
| 26:48 | Build | House |
| 27:47 | Create | Spearman |
| 27:48 | Create | Spearman |
| 27:48 | Create | Spearman |
| 27:48 | Create | Spearman |
| 31:42 | Research | Scale Mail Armor |
| 31:45 | Research | Castle Age |
| 31:56 | Create | Militia |
| 31:57 | Create | Militia |
| 31:57 | Create | Militia |
| 31:57 | Create | Militia |
| 32:28 | Create | Scout Cavalry |
| 34:25 | Age | Castle Age |
| 35:06 | Build | Town Center |
| 39:12 | Build | Farm |
| 39:13 | Build | Farm |
| 39:13 | Build | Farm |
| 39:14 | Build | Farm |
| 39:15 | Build | Farm |
| 39:18 | Build | Farm |
| 39:19 | Build | Farm |
| 39:20 | Build | Farm |
| 39:29 | Create | Villager (Male) |
| 39:29 | Create | Villager (Male) |
| 40:54 | Build | Lumber Camp |
| 41:33 | Create | Villager (Male) |
| 41:33 | Create | Villager (Male) |
| 41:33 | Create | Villager (Male) |
| 41:34 | Create | Villager (Male) |
| 41:34 | Create | Villager (Male) |
| 42:21 | Create | Villager (Male) |
| 42:21 | Create | Villager (Male) |
| 42:21 | Create | Villager (Male) |
| 42:36 | Build | House |
| 42:38 | Build | House |
| 42:39 | Build | House |
| 42:44 | Build | House |
| 42:46 | Build | House |
| 44:02 | Build | House |
| 44:03 | Build | House |
| 44:42 | Build | Mining Camp |
| 45:22 | Build | Mining Camp |
| 45:32 | Create | Villager (Male) |
| 45:32 | Create | Villager (Male) |
| 45:33 | Create | Villager (Male) |
| 45:33 | Create | Villager (Male) |
| 45:33 | Create | Villager (Male) |
Match timeline
| 11:38 | Gin · first_building Barracks |
| 12:34 | david.sant94 · first_building Barracks |
| 12:47 | Gin · age_up feudal |
| 14:15 | david.sant94 · age_up feudal |
| 15:17 | Gin · first_building Archery Range |
| 17:22 | david.sant94 · first_building Stable |
| 22:22 | Matxiin · first_building Barracks |
| 25:02 | Gin · age_up castle |
| 32:53 | Gin · first_building Castle |
| 34:25 | david.sant94 · age_up castle |
| 35:46 | Matxiin · age_up feudal |
| 36:25 | Gin · first_building Siege Workshop |
| 39:55 | Matxiin · first_building Archery Range |
| 40:01 | Gin · first_market_buy 100 stone |
| 40:03 | Gin · age_up imperial |
| 49:41 | david.sant94 · first_building Archery Range |
| 53:35 | Matxiin · age_up castle |
| 54:13 | Gin · first_building Monastery |
| 59:20 | Matxiin · first_building Stable |
| 59:34 | david.sant94 · first_building Castle |
| 60:39 | Matxiin · first_building Castle |
| 67:28 | Matxiin · wall_segment Stone Wall x11 |
| 67:45 | Matxiin · wall_segment Stone Wall x11 |
| 68:59 | Matxiin · wall_segment Stone Wall x3 |
| 75:09 | Matxiin · resign |
[ AI ANALYSIS · 1 CREDIT ]
What really happened in this match?
Wolo.gg analyzes every decision: build order, eco, micro, common mistakes by bracket. Personalized analysis on WhatsApp or Discord in 30 seconds.
Civ guide
Inca
Map guide
Arabia
Perfil
Jugador #282244